[Event "GambitGuide"]
[Site "Internet Chess Club"]
[Date "2014.10.31"]
[Round "1"]
[White "JSBach"]
[Black "Propugnator"]
[Result "1-0"]
[ICCResult "Black resigns"]
[WhiteElo "1781"]
[BlackElo "1795"]
[Opening "Vienna: `Frankenstein-Dracula' variation"]
[ECO "C27"]
[NIC "VG.02"]
[Time "17:36:24"]
[TimeControl "120+12"]

1. e4 e5 2. Nc3 Nf6 3. Bc4 Nxe4 4. Qh5 Nd6 5. Bb3 Nc6 6. Nb5 g6 7. Qf3 f5 8.
Qd5 Qe7 9. Nxc7+ Kd8 10. Nxa8 b6 11. d3 Bb7 12. Nxb6 axb6 13. Qf3 Nd4 14.
Qg3 f4 15. Qg4 Rg8 16. Ba4 h5 17. Qh3 b5 18. Bb3 Rg7 19. Bd2 Qg5 20. f3 Nxb3
21. axb3 Bd5 22. Bc3 Be6 23. g4 fxg3 24. Qxg3 Qe3+ 25. Kd1 Nf5 26. Ra8+ Ke7
27. Qxe5 Qxe5 28. Bxe5 {Black resigns} 1-0

[Event "GambitGuide"]
[Site "Internet Chess Club"]
[Date "2014.10.31"]
[Round "1"]
[White "JSBach"]
[Black "Propugnator"]
[Result "1-0"]
[ICCResult "Black disconnected and forfeits"]
[WhiteElo "1781"]
[BlackElo "1795"]
[Opening "Vienna: `Frankenstein-Dracula' variation"]
[ECO "C27"]
[NIC "VG.02"]
[Time "17:37:57"]
[TimeControl "120+12"]

1. e4 e5 2. Nc3 Nf6 3. Bc4 Nxe4 4. Qh5 Nd6 5. Bb3 Nc6 6. Nb5 g6 7. Qf3 f5 8.
Qd5 Qe7 9. Nxc7+ Kd8 10. Nxa8 b6 11. d3 Bb7 12. Nxb6 axb6 13. Qf3 Nd4 14.
Qg3 f4 15. Qg4 e4 16. Bxf4 {Black disconnected and forfeits} 1-0

[Event "GambitGuide"]
[Site "Internet Chess Club"]
[Date "2014.10.31"]
[Round "1"]
[White "JSBach"]
[Black "Heian"]
[Result "1/2-1/2"]
[ICCResult "Game drawn by the 50 move rule"]
[WhiteElo "1781"]
[BlackElo "1548"]
[Opening "Vienna: `Frankenstein-Dracula' variation"]
[ECO "C27"]
[NIC "VG.02"]
[Time "17:34:11"]
[TimeControl "120+12"]

1. e4 e5 2. Nc3 Nf6 3. Bc4 Nxe4 4. Qh5 Nd6 5. Bb3 Nc6 6. Nb5 g6 7. Qf3 f5 8.
Qd5 Qe7 9. Nxc7+ Kd8 10. Nxa8 b6 11. d3 Bb7 12. Nxb6 axb6 13. Qf3 Kc7 14.
Be3 Nd4 15. Qh3 Qf6 16. Bxd4 exd4 17. Nf3 g5 18. Qg3 h6 19. O-O f4 20. Qh3
Nf5 21. Rae1 h5 22. g4 hxg4 23. Qxg4 Bd6 24. Qxg5 Qxg5+ 25. Nxg5 Rh5 26. Ne4
Be5 27. Bf7 Rh7 28. Ng5 Rg7 29. h4 Bf6 30. c3 Bxg5 31. hxg5 Rxg5+ 32. Kh2
Rg7 33. Bh5 Rh7 34. Kh3 Rxh5+ 35. Kg4 Ng7 36. Kxf4 Rf5+ 37. Kg3 Rg5+ 38. Kh4
Rh5+ 39. Kg3 Rg5+ 40. Kh4 Rh5+ 41. Kg3 Ne6 42. f4 dxc3 43. bxc3 Rh7 44. f5
Rg7+ 45. Kh4 Nf8 46. Re8 Rh7+ 47. Kg5 Rg7+ 48. Kf4 Rf7 49. Rfe1 Bd5 50. c4
Be6 51. Kg3 Bxf5 52. R8e3 Ng6 53. R1e2 Ne7 54. Rxe7 Rxe7 55. Rxe7 Bxd3 56.
Kf4 Bxc4 57. a3 b5 58. Ke5 Kc6 59. Re8 d5 60. Rf8 Kb6 61. Kd4 Ka5 62. Rf2
Ka4 63. Rf3 b4 64. axb4 Kxb4 65. Rf2 Bb3 66. Rb2 Ka3 67. Rd2 Bc4 68. Rf2 Bb3
69. Rf3 Kb4 70. Rf8 Bc4 71. Rb8+ Ka3 72. Rc8 Kb3 73. Rc7 Kc2 74. Rf7 Kd2 75.
Rf2+ Ke1 76. Rf5 Ke2 77. Rf7 Kd2 78. Re7 Kc2 79. Re8 Kd2 80. Rf8 Kc2 81.
Rf2+ Kb3 82. Rf6 Kb4 83. Rf7 Kb3 84. Rc7 Kc2 85. Re7 Kb3 86. Rb7+ Kc2 87.
Rg7 Kb3 88. Rf7 Kc2 89. Rf8 Kb3 90. Rb8+ Kc2 91. Rb7 Kd2 92. Rb2+ Kc1 93.
Rf2 Kd1 94. Rb2 Kc1 95. Rf2 Kd1 96. Rf7 Ke2 97. Rf8 Kd2 98. Re8 Kc2 99. Re5
Kd2 100. Re6 Kc2 101. Re1 Kd2 102. Re6 Kc2 103. Re3 Kd2 104. Re5 Kc2 105.
Re8 Kd2 106. Re7 Kc2 107. Re8 Kd2 108. Rf8 Kc2 109. Rf7 Kd2 110. Rf4 Kc2
111. Rf8 Kd2 112. Rf2+ Ke1 113. Rf3 Kd2 114. Rf8 Kc2 115. Re8 Kd2 116. Re5
Kc2 117. Re1 Kd2 118. Re7 Kc2 119. Re6 Kd2 120. Re5 Kc2 121. Re7 Kd2 122.
Re3 Kc2 123. Re6 Kd2 124. Re8 Kc2 125. Re5 Kd2 126. Re8 Kc2 127. Re5 Kd2
128. Re3 Kc2 129. Re5 Kd2 130. Re3 Kc2 131. Re5 Kd2 132. Re6 Kc2 133. Re3
{Game drawn by the 50 move rule}
1/2-1/2

[Event "GambitGuide"]
[Site "Internet Chess Club"]
[Date "2014.10.31"]
[Round "1"]
[White "JSBach"]
[Black "mnost"]
[Result "1-0"]
[ICCResult "Black resigns"]
[WhiteElo "1781"]
[BlackElo "1305"]
[Opening "Vienna: `Frankenstein-Dracula' variation"]
[ECO "C27"]
[NIC "VG.02"]
[Time "17:35:14"]
[TimeControl "120+12"]

1. e4 e5 2. Nc3 Nf6 3. Bc4 Nxe4 4. Qh5 Nd6 5. Bb3 Nc6 6. Nb5 g6 7. Qf3 f5 8.
Qd5 Qe7 9. Nxc7+ Kd8 10. Nxa8 b6 11. d3 Bb7 12. Nxb6 axb6 13. Qf3 Bg7 14.
Be3 Nd4 15. Qh3 e4 16. dxe4 Nxe4 17. c3 Ne6 18. Bxb6+ Kc8 19. Rd1 N6c5 20.
Ne2 Nxb3 21. axb3 Ng5 22. Qg3 Be5 23. f4 Bd6 24. Qxg5 Qxg5 25. fxg5 Be5 26.
O-O Re8 27. Rde1 Bc6 28. Bd4 Bb5 29. Bxe5 Rxe5 30. Nd4 {Black resigns} 1-0

[Event "GambitGuide"]
[Site "Internet Chess Club"]
[Date "2014.10.31"]
[Round "1"]
[White "JSBach"]
[Black "nsideurheadbro"]
[Result "1-0"]
[ICCResult "Black resigns"]
[WhiteElo "1781"]
[BlackElo "1184"]
[Opening "Vienna: `Frankenstein-Dracula' variation"]
[ECO "C27"]
[NIC "VG.02"]
[Time "17:36:01"]
[TimeControl "120+12"]

1. e4 e5 2. Nc3 Nf6 3. Bc4 Nxe4 4. Qh5 Nd6 5. Bb3 Nc6 6. Nb5 g6 7. Qf3 f5 8.
Qd5 Qe7 9. Nxc7+ Kd8 10. Nxa8 b6 11. d3 Bb7 12. Nxb6 axb6 13. Qf3 Nd4 14.
Qg3 f4 15. Qg4 g5 16. Ba4 h5 17. Qd1 Bxg2 18. c3 Ne6 19. Qb3 Bxh1 20. Qxb6+
Ke8 21. Bd2 g4 22. O-O-O Bg7 23. Re1 Kf7 24. Ne2 Rc8 25. Rxh1 Nd4 26. Nxd4
exd4 27. Re1 Qf6 28. Bxd7 Ra8 29. Be6+ Kg6 30. Qxd6 Rxa2 31. Bf7+ Kh6 32.
Qxf6+ Bxf6 33. Bxa2 dxc3 34. bxc3 Kg5 35. Re4 {Black resigns} 1-0

[Event "GambitGuide"]
[Site "Internet Chess Club"]
[Date "2014.10.31"]
[Round "1"]
[White "JSBach"]
[Black "neiio"]
[Result "1-0"]
[ICCResult "Black resigns"]
[WhiteElo "1781"]
[BlackElo "1400"]
[Opening "Vienna: `Frankenstein-Dracula' variation"]
[ECO "C27"]
[NIC "VG.02"]
[Time "17:37:46"]
[TimeControl "120+12"]

1. e4 e5 2. Nc3 Nf6 3. Bc4 Nxe4 4. Qh5 Nd6 5. Bb3 Nc6 6. Nb5 g6 7. Qf3 f5 8.
Qd5 Qe7 9. Nxc7+ Kd8 10. Nxa8 b6 11. d3 Nf7 12. Nxb6 Qb4+ 13. Bd2 Qxb6 14.
Qxf7 Bb4 15. Qf6+ Kc7 16. Qxh8 Bxd2+ 17. Kxd2 Qxf2+ 18. Ne2 Nd4 19. Qxe5+
Kb7 20. Qxd4 {Black resigns} 1-0

[Event "GambitGuide"]
[Site "Internet Chess Club"]
[Date "2014.10.31"]
[Round "1"]
[White "JSBach"]
[Black "Propugnator"]
[Result "1-0"]
[ICCResult "Black resigns"]
[WhiteElo "1790"]
[BlackElo "1795"]
[Opening "Vienna: `Frankenstein-Dracula' variation"]
[ECO "C27"]
[NIC "VG.02"]
[Time "17:39:19"]
[TimeControl "120+12"]

1. e4 e5 2. Nc3 Nf6 3. Bc4 Nxe4 4. Qh5 Nd6 5. Bb3 Nc6 6. Nb5 g6 7. Qf3 f5 8.
Qd5 Qe7 9. Nxc7+ Kd8 10. Nxa8 b6 11. d3 Bb7 12. Nxb6 axb6 13. Qf3 Nd4 14.
Qg3 f4 15. Qg4 e4 16. Kd1 g5 17. Nh3 h6 18. Re1 Nxb3 19. axb3 Bd5 20. dxe4
Be6 21. Qh5 Bxh3 22. Qxh3 Nxe4 23. Qf3 d5 24. Ra8+ Kd7 25. Ra7+ {Black
resigns} 1-0

[Event "GambitGuide"]
[Site "Internet Chess Club"]
[Date "2014.10.31"]
[Round "1"]
[White "JSBach"]
[Black "luckypawns"]
[Result "1-0"]
[ICCResult "Black resigns"]
[WhiteElo "1790"]
[BlackElo "1815"]
[Opening "Vienna: `Frankenstein-Dracula' variation"]
[ECO "C27"]
[NIC "VG.02"]
[Time "17:34:33"]
[TimeControl "120+12"]

1. e4 e5 2. Nc3 Nf6 3. Bc4 Nxe4 4. Qh5 Nd6 5. Bb3 Nc6 6. Nb5 g6 7. Qf3 f5 8.
Qd5 Qe7 9. Nxc7+ Kd8 10. Nxa8 b6 11. d3 Bb7 12. Nxb6 axb6 13. Qf3 Nd4 14.
Qh3 Bg7 15. Be3 h5 16. Ne2 g5 17. c3 g4 18. Qg3 f4 19. Nxf4 exf4 20. Qxf4
Rf8 21. Qg3 N4f5 22. Qf4 Bh6 23. Qb4 Nxe3 24. Qxb6+ Kc8 25. Qc5+ Bc6 26.
fxe3 Bxe3 27. Qxh5 Bxg2 28. Bd5 Bg5+ 29. Kd1 Bxd5 30. Re1 Bf3+ 31. Kc2 Qf6
32. h4 gxh3 33. Qxh3 Bd5 34. Rf1 Qe7 35. Rae1 Qg7 36. Rxf8+ Qxf8 37. Rf1 Qg7
38. c4 Be6 39. Qg3 Qe7 40. Qe5 Nb7 41. b4 Qxb4 42. Qxg5 Qa4+ 43. Kb1 Qb4+
44. Kc2 Qa4+ 45. Kc1 Qa3+ 46. Kd2 Qxa2+ 47. Kc3 Qa3+ 48. Kc2 Qa2+ 49. Kc3
Qa5+ 50. Qxa5 Nxa5 51. Rf8+ Kc7 52. Kd4 Kd6 53. Ke4 Nb3 54. Re8 Nc5+ 55. Kd4
Nb3+ 56. Kc3 Na5 57. Kd4 Nc6+ 58. Ke4 Ne7 59. c5+ Kxc5 60. Rxe7 Kd6 61. Rh7
Kc5 62. Ke5 Bg4 63. d4+ Kc6 64. d5+ Kc5 65. Kf4 Be2 66. Rxd7 Bc4 67. Ke5 Bb5
68. Rc7+ Kb6 69. d6 {Black resigns} 1-0

[Event "GambitGuide"]
[Site "Internet Chess Club"]
[Date "2014.10.31"]
[Round "1"]
[White "JSBach"]
[Black "Agnuti"]
[Result "1-0"]
[ICCResult "Black resigns"]
[WhiteElo "1790"]
[BlackElo "1385"]
[Opening "Vienna: `Frankenstein-Dracula' variation"]
[ECO "C27"]
[NIC "VG.02"]
[Time "17:38:49"]
[TimeControl "120+12"]

1. e4 e5 2. Nc3 Nf6 3. Bc4 Nxe4 4. Qh5 Nd6 5. Bb3 Nc6 6. Nb5 g6 7. Qf3 f5 8.
Qd5 Qe7 9. Nxc7+ Kd8 10. Nxa8 b6 11. d3 Nb4 12. Qf3 e4 13. dxe4 Nxe4 14. Be3
Bb7 15. Nxb6 axb6 16. Qf4 Qd6 17. Qxd6 Bxd6 18. Bxb6+ Ke8 19. Rd1 Bc6 20. a3
Na6 21. Bd4 Rf8 22. Bg7 Bc5 23. Nh3 Bb5 24. Bxf8 Kxf8 25. Bd5 Nc7 26. Bxe4
fxe4 27. Ng5 e3 28. fxe3 Bxe3 29. Nxh7+ Kg7 30. c4 Bc6 31. Ke2 Bh6 32. b4
Kxh7 33. b5 Bxg2 34. Rxd7+ Kg8 35. Rg1 {Black resigns} 1-0

[Event "GambitGuide"]
[Site "Internet Chess Club"]
[Date "2014.10.31"]
[Round "1"]
[White "JSBach"]
[Black "jbj"]
[Result "1-0"]
[ICCResult "Black resigns"]
[WhiteElo "1790"]
[BlackElo "2552"]
[Opening "Vienna: `Frankenstein-Dracula' variation"]
[ECO "C27"]
[NIC "VG.02"]
[Time "17:36:55"]
[TimeControl "120+12"]

1. e4 e5 2. Nc3 Nf6 3. Bc4 Nxe4 4. Qh5 Nd6 5. Bb3 Nc6 6. Nb5 g6 7. Qf3 f5 8.
Qd5 Qe7 9. Nxc7+ Kd8 10. Nxa8 b6 11. d3 Bb7 12. Nxb6 axb6 13. Qf3 Nd4 14.
Qg3 f4 15. Qg4 N6f5 16. c3 Nb5 17. Bc4 Nc7 18. Nf3 e4 19. dxe4 Qxe4+ 20. Be2
Ba6 21. Nd2 Qe5 22. Kf1 Bxe2+ 23. Qxe2 Qd5 24. c4 Qc6 25. Qe5 Bg7 26. Qxf4
Re8 27. Nb3 Re4 28. Qg5+ Bf6 29. Qd2 Qxc4+ 30. Kg1 Re2 31. Qd1 Qc2 32. Bd2
Qe4 33. Kf1 Nh4 34. Rg1 Rxf2+ 35. Kxf2 Qf5+ 36. Ke1 Qe5+ 37. Qe2 Qxh2 38.
Be3 Nd5 39. g3 Qxe2+ 40. Kxe2 Nf5 41. Bc1 Nb4 42. g4 Nd6 43. g5 {Black
resigns} 1-0

[Event "GambitGuide"]
[Site "Internet Chess Club"]
[Date "2014.10.31"]
[Round "1"]
[White "JSBach"]
[Black "Propugnator"]
[Result "0-1"]
[ICCResult "White checkmated"]
[WhiteElo "1790"]
[BlackElo "1795"]
[Opening "Vienna: `Frankenstein-Dracula' variation"]
[ECO "C27"]
[NIC "VG.02"]
[Time "17:40:23"]
[TimeControl "120+12"]

1. e4 e5 2. Nc3 Nf6 3. Bc4 Nxe4 4. Qh5 Nd6 5. Bb3 Nc6 6. Nb5 g6 7. Qf3 f5 8.
Qd5 Qe7 9. Nxc7+ Kd8 10. Nxa8 b6 11. d3 Bb7 12. Nxb6 axb6 13. Qf3 Nd4 14.
Qh3 f4 15. Ba4 b5 16. Bb3 g5 17. Bd2 h5 18. Ba5+ Ke8 19. Bc7 g4 20. Bxd6
Qxd6 21. Qh4 Be7 22. Qxe7+ Qxe7 23. Kf1 Qc5 24. Re1 d6 25. c4 bxc4 26. Bxc4
Bd5 27. b4 Qc6 28. Bxd5 Qxd5 29. a4 Qb3 30. Ne2 Qxd3 31. h3 Nxe2 32. Rxe2 f3
33. gxf3 gxf3 34. h4 Rg8 35. Ke1 Qxe2# {White checkmated} 0-1

[Event "GambitGuide"]
[Site "Internet Chess Club"]
[Date "2014.10.31"]
[Round "1"]
[White "JSBach"]
[Black "neiio"]
[Result "1-0"]
[ICCResult "Black resigns"]
[WhiteElo "1790"]
[BlackElo "1400"]
[Opening "Vienna: `Frankenstein-Dracula' variation"]
[ECO "C27"]
[NIC "VG.02"]
[Time "17:38:56"]
[TimeControl "120+12"]

1. e4 e5 2. Nc3 Nf6 3. Bc4 Nxe4 4. Qh5 Nd6 5. Bb3 Nc6 6. Nb5 g6 7. Qf3 f5 8.
Qd5 Qe7 9. Nxc7+ Kd8 10. Nxa8 b6 11. d3 Nb4 12. Qf3 e4 13. dxe4 Nxe4 14. Be3
Nxc2+ 15. Bxc2 Qb4+ 16. Kd1 Qxb2 17. Rc1 Nc3+ 18. Kd2 Bb4 19. Bg5+ Ke8 20.
Nc7+ Kf7 21. Kd3 Nd1 22. Bxd1 Qxc1 23. Qd5+ Kg7 24. Qd4+ Kf8 25. Qxh8+
{Black resigns}
1-0

[Event "GambitGuide"]
[Site "Internet Chess Club"]
[Date "2014.10.31"]
[Round "1"]
[White "JSBach"]
[Black "luckypawns"]
[Result "0-1"]
[ICCResult "White checkmated"]
[WhiteElo "1790"]
[BlackElo "1815"]
[Opening "Vienna: `Frankenstein-Dracula' variation"]
[ECO "C27"]
[NIC "VG.02"]
[Time "17:40:30"]
[TimeControl "120+12"]

1. e4 e5 2. Nc3 Nf6 3. Bc4 Nxe4 4. Qh5 Nd6 5. Bb3 Nc6 6. Nb5 g6 7. Qf3 f5 8.
Qd5 Qe7 9. Nxc7+ Kd8 10. Nxa8 b6 11. d3 Bb7 12. Nxb6 axb6 13. Qf3 Nd4 14.
Qg3 Bg7 15. Bg5 Bf6 16. Bxf6 Qxf6 17. Ba4 b5 18. Bb3 h5 19. c3 g5 20. cxd4
f4 21. Qh3 g4 22. Rc1 gxh3 23. Nxh3 Bxg2 24. Rg1 Bxh3 25. d5 Re8 26. Rc3 e4
27. d4 Qxd4 28. Rxh3 e3 29. fxe3 Rxe3+ 30. Rxe3 Qxe3+ 31. Kf1 Ne4 32. Rg8+
Ke7 33. d6+ Kxd6 34. Kg2 Qf2+ 35. Kh3 Qf1+ 36. Kh4 Qf2+ 37. Kh3 Qxb2 38. Re8
Nf2+ 39. Kh4 Qf6+ 40. Kxh5 f3 41. a3 Nd3 42. Rb8 Qf5+ 43. Kh6 f2 44. Rb6+
Kc7 45. Rxb5 Qxb5 46. Ba2 f1=Q 47. Kg6 Qg2+ 48. Kf7 Ne5+ 49. Kf6 Qg6+ 50.
Ke7 Nc4 51. Bxc4 Qxc4 52. h4 Qce6+ 53. Kf8 Qgf7# {White checkmated} 0-1

[Event "GambitGuide"]
[Site "Internet Chess Club"]
[Date "2014.10.31"]
[Round "1"]
[White "JSBach"]
[Black "TGRUN"]
[Result "1-0"]
[ICCResult "Black checkmated"]
[WhiteElo "1790"]
[BlackElo "1796"]
[Opening "Vienna: `Frankenstein-Dracula' variation"]
[ECO "C27"]
[NIC "VG.02"]
[Time "17:39:45"]
[TimeControl "120+12"]

1. e4 e5 2. Nc3 Nf6 3. Bc4 Nxe4 4. Qh5 Nd6 5. Bb3 Nc6 6. Nb5 g6 7. Qf3 f5 8.
Qd5 Qe7 9. Nxc7+ Kd8 10. Nxa8 b6 11. d3 Bg7 12. Ba4 Bb7 13. Nxb6 axb6 14.
Qb3 Kc7 15. Be3 Nd4 16. Qc3+ Kb8 17. Qb4 Nc8 18. Qxe7 Nxe7 19. f3 f4 20.
Bxd4 exd4 21. Ne2 Nd5 22. Bxd7 Ne3 23. Rc1 Nxg2+ 24. Kf2 Ne3 25. Nxf4 Bh6
26. Ne6 Nf5 27. Rce1 Be3+ 28. Ke2 Nh4 29. Rhf1 Bd5 30. c4 Bxe6 31. Bxe6 Re8
32. Bf7 Re7 33. Bd5 Nf5 34. Be4 Nd6 35. b3 b5 36. a4 bxc4 37. bxc4 Kc8 38.
c5 Nf7 39. f4 Nh6 40. f5 gxf5 41. Bxf5+ Kc7 42. Be4 Ng4 43. h3 Ne5 44. a5
Kd8 45. Rf8+ Kd7 46. a6 Ke6 47. Ref1 Nf7 48. Bxh7 Ng5 49. Bg8+ Ke5 50. R8f5#
{Black checkmated}
1-0

[Event "GambitGuide"]
[Site "Internet Chess Club"]
[Date "2014.10.31"]
[Round "1"]
[White "JSBach"]
[Black "luckypawns"]
[Result "0-1"]
[ICCResult "White checkmated"]
[WhiteElo "1790"]
[BlackElo "1815"]
[Opening "Vienna: `Frankenstein-Dracula' variation"]
[ECO "C27"]
[NIC "VG.02"]
[Time "17:42:17"]
[TimeControl "120+12"]

1. e4 e5 2. Nc3 Nf6 3. Bc4 Nxe4 4. Qh5 Nd6 5. Bb3 Nc6 6. Nb5 g6 7. Qf3 f5 8.
Qd5 Qe7 9. Nxc7+ Kd8 10. Nxa8 b6 11. d3 Bb7 12. Nxb6 axb6 13. Qf3 Nd4 14.
Qg3 Bg7 15. Bg5 Bf6 16. Bxf6 Qxf6 17. Ba4 b5 18. Bb3 h5 19. c3 g5 20. cxd4
f4 21. Qh3 g4 22. Rc1 gxh3 23. Nxh3 Bxg2 24. Rg1 Bxh3 25. d5 Re8 26. Kd2 e4
27. dxe4 Nxe4+ 28. Kc2 Bf5 29. Ra1 Nxf2+ 30. Kc1 Nd3+ 31. Kd2 Qxb2+ 32. Bc2
Nb4 33. Rac1 Nxc2 34. Rb1 Qd4+ 35. Kc1 Re2 36. Rg8+ Ke7 37. d6+ Kxd6 38. Re8
Rxe8 39. Rxb5 Re1# {White checkmated} 0-1

[Event "GambitGuide"]
[Site "Internet Chess Club"]
[Date "2014.10.31"]
[Round "1"]
[White "JSBach"]
[Black "Dagnabit"]
[Result "1-0"]
[ICCResult "Black resigns"]
[WhiteElo "1790"]
[BlackElo "1333"]
[Opening "Vienna: `Frankenstein-Dracula' variation"]
[ECO "C27"]
[NIC "VG.02"]
[Time "17:37:11"]
[TimeControl "120+12"]

1. e4 e5 2. Nc3 Nf6 3. Bc4 Nxe4 4. Qh5 Nd6 5. Bb3 Nc6 6. Nb5 g6 7. Qf3 f5 8.
Qd5 Qe7 9. Nxc7+ Kd8 10. Nxa8 b6 11. d3 Bb7 12. Nxb6 axb6 13. Qf3 Nd4 14.
Qh3 Bg7 15. Be3 Bf6 16. Ne2 Nxe2 17. Bxb6+ Kc8 18. Kxe2 Nb5 19. Rhe1 Qd6 20.
Be3 f4 21. a4 Nd4+ 22. Bxd4 exd4 23. Kf1 Bd5 24. Bxd5 Qxd5 25. Re4 Qc5 26.
Rxf4 Qxc2 27. Rxf6 Re8 28. Kg1 Qe2 29. Rc6+ Kb8 30. Rcc1 Rf8 31. Qh4 Qxd3
32. Qxh7 Qd2 33. f3 Re8 34. Qxd7 Qe2 35. Qxd4 Qe7 36. Rc6 Qb7 37. Rb6
{Black resigns}
1-0

[Event "GambitGuide"]
[Site "Internet Chess Club"]
[Date "2014.10.31"]
[Round "1"]
[White "JSBach"]
[Black "luckypawns"]
[Result "0-1"]
[ICCResult "White checkmated"]
[WhiteElo "1790"]
[BlackElo "1815"]
[Opening "Vienna: `Frankenstein-Dracula' variation"]
[ECO "C27"]
[NIC "VG.02"]
[Time "17:43:18"]
[TimeControl "120+12"]

1. e4 e5 2. Nc3 Nf6 3. Bc4 Nxe4 4. Qh5 Nd6 5. Bb3 Nc6 6. Nb5 g6 7. Qf3 f5 8.
Qd5 Qe7 9. Nxc7+ Kd8 10. Nxa8 b6 11. d3 Bb7 12. Nxb6 axb6 13. Qf3 Nd4 14.
Qg3 Bg7 15. Bg5 Bf6 16. Bxf6 Qxf6 17. Ba4 b5 18. Bb3 h5 19. c3 g5 20. cxd4
f4 21. Qh3 g4 22. Rc1 gxh3 23. Nxh3 Bxg2 24. Rg1 Bxh3 25. d5 Re8 26. a4 e4
27. d4 e3 28. f3 Qxd4 29. Rc2 Nf5 30. axb5 Qb4+ 31. Rc3 Qxb5 32. Bc2 Nd4 33.
Bd1 Qxb2 34. Rg2 Bxg2 35. Rc8+ Kxc8 36. Bc2 Nxc2+ 37. Ke2 Nd4+ 38. Ke1 Qd2#
{White checkmated}
0-1

[Event "GambitGuide"]
[Site "Internet Chess Club"]
[Date "2014.10.31"]
[Round "1"]
[White "JSBach"]
[Black "mnost"]
[Result "1-0"]
[ICCResult "Black resigns"]
[WhiteElo "1790"]
[BlackElo "1305"]
[Opening "Vienna: `Frankenstein-Dracula' variation"]
[ECO "C27"]
[NIC "VG.02"]
[Time "17:38:52"]
[TimeControl "120+12"]

1. e4 e5 2. Nc3 Nf6 3. Bc4 Nxe4 4. Qh5 Nd6 5. Bb3 Nc6 6. Nb5 g6 7. Qf3 f5 8.
Qd5 Qe7 9. Nxc7+ Kd8 10. Nxa8 b6 11. d3 Bb7 12. Nxb6 axb6 13. Qf3 Bg7 14.
Be3 Kc7 15. Bd5 Re8 16. Ne2 e4 17. Qf4 exd3 18. cxd3 g5 19. Qxg5 Qxg5 20.
Bxg5 Nd4 21. Rc1+ Bc6 22. Be3 Nxe2 23. Kxe2 f4 24. Bxc6 dxc6 25. b4 fxe3 26.
f3 Nb5 27. Kf1 Nd4 28. Ke1 Nb5 29. Rc4 Na3 30. Rh4 h6 31. Ke2 Nc2 32. Rf1
Nd4+ 33. Rxd4 Bxd4 34. Rc1 c5 35. bxc5 bxc5 36. a4 Ra8 37. Rc4 Kc6 38. f4
Kd5 39. f5 h5 40. h3 Rf8 41. g4 hxg4 42. hxg4 Rg8 43. Kf3 Re8 44. Ke2 Rg8
45. Kf3 Rxg4 46. Kxg4 e2 47. Rc1 Bc3 48. d4 e1=Q 49. Rxe1 Bxe1 50. dxc5
{Black resigns}
1-0

[Event "GambitGuide"]
[Site "Internet Chess Club"]
[Date "2014.10.31"]
[Round "1"]
[White "JSBach"]
[Black "TGRUN"]
[Result "1-0"]
[ICCResult "Black resigns"]
[WhiteElo "1790"]
[BlackElo "1796"]
[Opening "Vienna: `Frankenstein-Dracula' variation"]
[ECO "C27"]
[NIC "VG.02"]
[Time "17:44:08"]
[TimeControl "120+12"]

1. e4 e5 2. Nc3 Nf6 3. Bc4 Nxe4 4. Qh5 Nd6 5. Bb3 Nc6 6. Nb5 g6 7. Qf3 f5 8.
Qd5 Qe7 9. Nxc7+ Kd8 10. Nxa8 b6 11. d3 Bb7 12. Nxb6 axb6 13. Qf3 e4 14.
dxe4 Nxe4 15. Be3 Nd4 16. Bxd4 Ng5+ 17. Qe2 {Black resigns} 1-0

[Event "GambitGuide"]
[Site "Internet Chess Club"]
[Date "2014.10.31"]
[Round "1"]
[White "JSBach"]
[Black "andyyang"]
[Result "1-0"]
[ICCResult "Black resigns"]
[WhiteElo "1790"]
[BlackElo "1782"]
[Opening "Vienna: `Frankenstein-Dracula' variation"]
[ECO "C27"]
[NIC "VG.02"]
[Time "17:42:55"]
[TimeControl "120+12"]

1. e4 e5 2. Nc3 Nf6 3. Bc4 Nxe4 4. Qh5 Nd6 5. Bb3 Nc6 6. Nb5 g6 7. Qf3 f5 8.
Qd5 Qe7 9. Nxc7+ Kd8 10. Nxa8 b6 11. d3 Nd4 12. h4 Bb7 13. Bg5 Bxd5 14.
Bxe7+ Bxe7 15. Nxb6 Bxb3 16. Rc1 axb6 17. axb3 g5 18. h5 g4 19. Kd1 Bg5 20.
Ra1 Ke7 21. Ne2 Nxe2 22. Kxe2 e4 23. dxe4 Nxe4 24. Ra7 Rc8 25. c4 g3 26. Rd1
gxf2 27. Raxd7+ Kf6 28. Rb7 Re8 29. Rxb6+ Kg7 30. Rd7+ Kh8 31. Kf1 Be3 32.
Rxh7+ Kg8 33. Rg6+ Kf8 34. Rh8+ Kf7 35. Rh7+ Kf8 36. Rh8+ Kf7 37. Rh7+ Kf8
38. Rh8+ Kf7 39. Rh7+ Kf8 40. Rh8+ Ke7 41. Rxe8+ Kxe8 42. Ke2 f4 43. Re6+
Kf7 44. Rxe4 {Black resigns} 1-0

[Event "GambitGuide"]
[Site "Internet Chess Club"]
[Date "2014.10.31"]
[Round "1"]
[White "JSBach"]
[Black "Propugnator"]
[Result "1-0"]
[ICCResult "Black resigns"]
[WhiteElo "1790"]
[BlackElo "1795"]
[Opening "Vienna: `Frankenstein-Dracula' variation"]
[ECO "C27"]
[NIC "VG.02"]
[Time "17:43:00"]
[TimeControl "120+12"]

1. e4 e5 2. Nc3 Nf6 3. Bc4 Nxe4 4. Qh5 Nd6 5. Bb3 Nc6 6. Nb5 g6 7. Qf3 f5 8.
Qd5 Qe7 9. Nxc7+ Kd8 10. Nxa8 b6 11. d3 Bb7 12. Nxb6 axb6 13. Qf3 Nd4 14.
Qh3 f4 15. Ba4 h5 16. Bd2 b5 17. Ba5+ Ke8 18. Bb3 g5 19. Bc7 g4 20. Bxd6
Qxd6 21. Qh4 Be7 22. Qxe7+ Qxe7 23. Kf1 Qc5 24. c3 Nxb3 25. axb3 Qd5 26. f3
Qxd3+ 27. Kf2 Qc2+ 28. Ne2 g3+ 29. hxg3 fxg3+ 30. Ke3 d5 31. Nxg3 d4+ 32.
cxd4 exd4+ 33. Kxd4 Kf7 34. Nxh5 Rd8+ 35. Ke5 Qe2+ 36. Kf5 Bc8+ 37. Kf4 Qf2
38. Rhd1 Qh4+ 39. g4 Qh2+ 40. Kg5 Rg8+ 41. Kh6 Rh8+ 42. Kg5 Rg8+ 43. Kh6
Rg6+ 44. Kh7 Qe5 45. Ra7+ Kf8 46. Rd8+ {Black resigns} 1-0

[Event "GambitGuide"]
[Site "Internet Chess Club"]
[Date "2014.10.31"]
[Round "1"]
[White "JSBach"]
[Black "TGRUN"]
[Result "1-0"]
[ICCResult "Black resigns"]
[WhiteElo "1790"]
[BlackElo "1796"]
[Opening "Vienna: `Frankenstein-Dracula' variation"]
[ECO "C27"]
[NIC "VG.02"]
[Time "17:44:31"]
[TimeControl "120+12"]

1. e4 e5 2. Nc3 Nf6 3. Bc4 Nxe4 4. Qh5 Nd6 5. Bb3 Nc6 6. Nb5 g6 7. Qf3 f5 8.
Qd5 Qe7 9. Nxc7+ Kd8 10. Nxa8 b6 11. d3 Bb7 12. Nxb6 axb6 13. Qf3 e4 14. Qe3
Kc7 15. Ne2 Bg7 16. d4 Rf8 17. c3 f4 18. Nxf4 Nf5 19. Nd5+ {Black resigns}
1-0

[Event "GambitGuide"]
[Site "Internet Chess Club"]
[Date "2014.10.31"]
[Round "1"]
[White "JSBach"]
[Black "luckypawns"]
[Result "0-1"]
[ICCResult "White checkmated"]
[WhiteElo "1790"]
[BlackElo "1815"]
[Opening "Vienna: `Frankenstein-Dracula' variation"]
[ECO "C27"]
[NIC "VG.02"]
[Time "17:44:49"]
[TimeControl "120+12"]

1. e4 e5 2. Nc3 Nf6 3. Bc4 Nxe4 4. Qh5 Nd6 5. Bb3 Nc6 6. Nb5 g6 7. Qf3 f5 8.
Qd5 Qe7 9. Nxc7+ Kd8 10. Nxa8 b6 11. d3 Bb7 12. Nxb6 axb6 13. Qf3 Nd4 14.
Qg3 Bg7 15. Bg5 Bf6 16. Bxf6 Qxf6 17. Ba4 b5 18. Bb3 h5 19. c3 g5 20. cxd4
f4 21. Qh3 g4 22. Rc1 gxh3 23. Nxh3 Bxg2 24. Rg1 Bxh3 25. d5 Re8 26. Kd2 e4
27. dxe4 Nxe4+ 28. Kc2 Nxf2 29. Kb1 Bf5+ 30. Ka1 Nd3 31. Rc3 b4 32. Rc2 Re1+
33. Rxe1 Nxe1 34. Re2 Nd3 35. Bd1 f3 36. Rc2 f2 37. Rxf2 Nxf2 38. Bxh5 Nd3
39. Bf3 Qxb2# {White checkmated} 0-1